Map: Catalyst LE

Players

Dessa

  • Race: Zerg Zerg
  • League: Diamond
  • Spawn Location: 11:00

Rubson - Winner!

  • Race: Zerg Zerg
  • League: Diamond
  • Spawn Location: 5:00

VOD

Have the link to the VOD?

Description

Time

  • Played on: Jan. 18, 2018, 8:14 a.m.
  • Length: 23:38
Show
View Real Time Build Order
Export as new Build Order

Dessa Zerg 

Build Orders: Hatch First, Lurkers 

Get SALT Encoding   

  12  0:00  Drone  
  13  0:13  Overlord  
  13  0:17  Drone  
  14  0:31  Drone x2  
  14  0:35  Drone  
  17  0:54  Hatchery  
  16  0:57  Drone  
  16  1:03  Extractor  
  16  1:04  Drone  
  17  1:18  Spawning Pool  
  17  1:20  Drone  
  17  1:24  Drone  
  18  1:31  Overlord  
  18  1:41  Drone  
  19  2:05  Queen  
  19  2:06  Zergling x4, Metabolic Boost  
  23  2:10  Queen  
  23  2:14  Drone  
  26  2:19  Drone  
  26  2:21  Drone  
  28  2:32  Drone  
  28  2:34  Drone  
  28  2:35  Baneling Nest  
  29  2:38  Drone  
  30  2:46  Queen  
  33  2:51  Drone  
  33  2:52  Drone  
  33  2:57  Overlord  
  33  3:06  Drone x2  
  33  3:09  Zergling x2  
  36  3:15  Zergling x6  
  36  3:16  Zergling x2  
  40  3:20  Baneling x2  
  40  3:29  Zergling x8  
  42  3:43  Zergling x2  
  42  3:59  Queen  
  42  4:01  Zergling x8  
  36  4:11  Zergling x12  
  36  4:16  Overlord  
  39  4:23  Baneling x3  
  35  4:28  Drone x2  
  37  4:34  Drone  
  37  4:35  Queen  
  37  4:36  Lair  
  40  4:39  Extractor  
  39  4:47  Drone x4  
  39  4:48  Drone  
  39  4:51  Drone  
  45  4:55  Drone  
  46  5:00  Drone  
  36  5:37  Zergling x4  
  36  5:38  Zergling x8  
  42  5:48  Drone x2, Roach Warren  
  43  6:02  Drone x2  
  43  6:03  Drone x4  
  49  6:14  Hatchery  
  49  6:17  Drone x2  
  50  6:22  Drone x2  
  50  6:25  Overlord, Evolution Chamber  
  51  6:26  Evolution Chamber  
  51  6:28  Roach  
  51  6:32  Baneling x2  
  52  6:53  Drone x2, Extractor  
  53  6:54  Drone, Extractor  
  53  6:55  Drone x2, Roach x2  
  53  6:57  Zerg Ground Armor Level 1, Zerg Missile Weapons Level 1, Glial Reconstitution  
  53  6:59  Overlord  
  53  7:01  Overlord  
  59  7:02  Pneumatized Carapace  
  59  7:07  Drone  
  60  7:10  Hydralisk Den  
  59  7:25  Overlord  
  59  7:28  Roach x5  
  69  7:40  Overlord  
  69  7:41  Overlord  
  69  7:43  Queen  
  71  7:49  Muscular Augments  
  71  7:53  Overlord  
  71  7:54  Overlord  
  71  8:02  Drone x4  
  75  8:11  Roach x6  
  75  8:12  Roach  
  89  8:13  Ravager  
  89  8:14  Ravager x2  
  92  8:22  Roach  
  92  8:23  Roach x2, Overlord  
  92  8:51  Roach x2  
  92  8:53  Drone x8  
  104  9:08  Hydralisk x2  
  104  9:09  Hydralisk x3  
  114  9:11  Overlord  
  114  9:13  Overlord  
  114  9:14  Overlord  
  114  9:17  Zerg Missile Weapons Level 2  
  114  9:21  Extractor  
  114  9:22  Drone  
  114  9:25  Extractor, Overlord  
  114  9:29  Ravager  
  108  9:54  Hydralisk x3  
  108  9:55  Roach x3  
  108  9:56  Overlord x2  
  120  10:04  Drone x2  
  120  10:05  Drone x4  
  120  10:06  Drone x2  
  128  10:11  Hydralisk  
  128  10:12  Roach  
  128  10:13  Hatchery  
  131  10:14  Ravager  
  131  10:18  Ravager  
  133  11:05  Drone, Overlord x2  
  133  11:07  Zerg Ground Armor Level 2  
  134  11:17  Drone  
  135  11:18  Lurker Den  
  135  11:19  Overseer  
  135  11:20  Overseer  
  135  11:22  Roach x2, Hydralisk x5  
  135  11:23  Roach x3  
  135  11:24  Overlord x2  
  135  11:25  Overlord  
  154  11:29  Queen  
  126  12:00  Hydralisk x2  
  126  12:01  Roach x4, Hydralisk x4  
  125  12:02  Roach x2  
  114  12:10  Roach  
  102  12:22  Roach, Hydralisk x2  
  106  12:23  Roach x2, Hydralisk x3  
  106  12:24  Roach  
  120  12:39  Drone x4  
  124  12:54  Lurker x7  
  131  13:11  Roach x3  
  131  13:12  Roach x6, Hydralisk x3  
  155  13:22  Extractor x2  
  155  13:23  Drone x3  
  155  13:24  Drone x3, Overlord  
  155  13:25  Overlord  
  153  14:22  Hydralisk x2  
  153  14:23  Roach x5, Hydralisk x2  
  173  14:24  Roach x4  
  153  15:03  Lurker  
  153  15:04  Overseer, Lurker  
  153  15:05  Overlord  
  153  15:06  Overlord x4  
  155  15:08  Overlord x2  
  155  15:10  Hatchery  
  155  15:12  Extractor  
  153  15:14  Hatchery  
  153  15:16  Extractor  
  151  15:29  Unknown  
  151  15:49  Unknown  
  100  16:40  Hatchery  
  45  17:58  Drone x2  
  45  17:59  Drone  
  31  18:35  Drone x3  
  31  18:36  Drone x6  
  40  19:04  Spawning Pool  
  40  19:07  Drone x3  
  40  19:09  Drone x3  
  45  19:25  Hatchery  
  44  19:42  Drone x4  
  44  19:44  Drone x4  
  52  20:00  Drone x2  
  52  20:01  Extractor  
  53  20:15  Roach Warren  
  49  20:31  Lair  
  49  20:32  Drone x3  
  49  20:33  Drone x2  
  52  20:55  Roach x4  
  52  20:56  Roach  
  60  20:59  Queen  
  58  21:44  Queen  
  58  21:45  Drone, Hydralisk Den  
  60  21:52  Drone x4  
  64  22:01  Hatchery, Extractor  
  63  22:02  Roach x2  
  63  22:05  Extractor  
  65  22:17  Overseer x2  
  65  22:29  Drone x3  
  68  22:30  Drone  
  68  22:31  Lurker Den  
  68  22:37  Roach  
  68  22:38  Roach x3  
  76  22:49  Roach x3  
  76  22:50  Roach  
  84  22:54  Roach  
  86  22:59  Unknown x2  
  86  23:08  Unknown x2  
  94  23:34  Spine Crawler  
  94  23:35  Spine Crawler  
  94  23:36  Spine Crawler  
Show
View Real Time Build Order
Export as new Build Order

Rubson Zerg - Winner!

Build Orders: Hatch First 

Get SALT Encoding   

  12  0:00  Drone  
  13  0:13  Overlord  
  13  0:17  Drone  
  14  0:32  Drone  
  14  0:34  Drone  
  16  0:45  Drone  
  17  0:53  Hatchery  
  17  0:56  Drone  
  17  1:05  Drone  
  17  1:10  Extractor  
  17  1:16  Spawning Pool  
  16  1:19  Drone  
  17  1:34  Drone  
  18  1:42  Drone  
  19  1:49  Overlord  
  19  2:03  Queen  
  19  2:04  Queen  
  19  2:06  Drone x2  
  25  2:12  Zergling x2  
  26  2:20  Metabolic Boost  
  26  2:21  Zergling x2  
  26  2:22  Zergling x2  
  28  2:30  Baneling Nest  
  28  2:32  Zergling x4  
  29  2:44  Overlord  
  29  2:45  Zergling x2  
  30  2:53  Zergling x4  
  32  3:11  Zergling x6  
  35  3:15  Zergling x4  
  35  3:16  Zergling x8  
  41  3:28  Zergling x4  
  41  3:32  Baneling x2  
  41  3:43  Drone  
  41  3:44  Drone  
  41  3:45  Overlord  
  33  4:04  Zergling x12  
  33  4:05  Zergling x4  
  37  4:12  Zergling x2  
  37  4:19  Zergling x6  
  39  4:29  Baneling x2  
  39  4:31  Drone x3  
  42  4:51  Overlord  
  42  4:52  Drone x3  
  45  5:01  Hatchery  
  45  5:03  Baneling x2  
  45  5:04  Baneling x3  
  44  5:11  Drone x2  
  44  5:12  Roach Warren  
  44  5:14  Evolution Chamber  
  33  5:40  Zerg Missile Weapons Level 1  
  33  5:42  Drone x3  
  35  5:58  Drone x3, Extractor  
  35  6:01  Drone x3  
  35  6:03  Drone x2  
  42  6:06  Drone, Extractor  
  42  6:10  Roach x2  
  46  6:13  Queen  
  46  6:15  Drone  
  49  6:21  Roach x3  
  57  6:33  Roach  
  57  6:34  Overlord x3  
  57  6:46  Overlord  
  57  6:52  Drone  
  57  6:53  Drone x3  
  61  6:55  Drone x2  
  61  6:57  Drone x4  
  61  6:58  Overlord  
  61  6:59  Overlord  
  67  7:03  Lair  
  67  7:16  Roach x4  
  67  7:17  Roach  
  77  7:29  Roach x4  
  87  7:30  Roach x2  
  89  7:43  Overlord x2  
  89  7:44  Overlord  
  89  7:50  Roach x2  
  93  8:12  Drone x2  
  95  8:13  Drone  
  95  8:16  Roach x5  
  95  8:17  Roach x5  
  95  8:18  Roach  
  95  8:19  Roach  
  120  8:24  Zerg Missile Weapons Level 2  
  105  8:53  Roach  
  105  8:54  Roach x7, Overlord x3  
  111  8:57  Extractor  
  111  8:59  Spine Crawler  
  111  9:00  Extractor  
  108  9:05  Glial Reconstitution  
  108  9:07  Zergling x6  
  108  9:08  Zergling x2  
  112  9:16  Roach x3  
  112  9:17  Zergling x4  
  119  9:23  Hatchery  
  119  9:25  Roach x2  
  123  9:34  Drone x2  
  123  9:35  Drone  
  126  9:40  Drone x4  
  126  9:41  Roach  
  126  9:42  Roach  
  121  10:09  Ravager x2  
  121  10:10  Ravager x2  
  121  10:11  Ravager  
  126  10:18  Zergling x10, Hydralisk Den  
  126  10:19  Overlord x2  
  126  10:20  Overlord x2  
  130  10:26  Spine Crawler  
  130  10:27  Spine Crawler  
  128  10:37  Spine Crawler  
  127  10:45  Queen  
  127  10:46  Drone x3  
  127  10:47  Drone  
  127  10:49  Drone  
  135  10:50  Drone x3  
  135  10:52  Muscular Augments  
  135  10:53  Zerg Ground Armor Level 1, Hydralisk x3  
  135  10:54  Hydralisk  
  145  11:05  Drone x2  
  145  11:06  Drone  
  148  11:12  Extractor  
  147  11:25  Roach x6, Overlord  
  159  11:26  Overlord x4  
  159  11:30  Extractor  
  159  11:32  Extractor, Overlord  
  155  11:40  Evolution Chamber  
  136  11:47  Hatchery  
  97  12:12  Hydralisk x5  
  97  12:13  Hydralisk x5  
  97  12:14  Roach x3  
  97  12:15  Roach x7  
  128  12:16  Roach x4  
  128  12:20  Drone  
  128  12:21  Drone x3  
  140  12:35  Hydralisk  
  140  12:37  Roach x2, Hydralisk  
  148  12:45  Drone x2  
  148  12:47  Hatchery  
  148  12:48  Drone x2  
  148  12:49  Drone x2, Queen  
  155  12:55  Zerg Ground Armor Level 2  
  155  13:06  Infestation Pit  
  155  13:10  Hydralisk x2  
  155  13:11  Zergling x2  
  155  13:12  Roach x3  
  165  13:21  Drone x5  
  165  13:22  Overlord, Queen  
  172  13:29  Drone x3  
  175  13:40  Overseer x3  
  171  13:50  Hydralisk x4  
  171  13:51  Hydralisk  
  159  14:03  Overseer  
  159  14:10  Roach x7  
  159  14:11  Roach x4  
  160  15:01  Lurker Den  
  160  15:03  Hive  
  160  15:05  Queen  
  161  15:07  Queen  
  161  15:11  Hydralisk x3  
  161  15:12  Hydralisk x4  
  161  15:13  Hydralisk, Overlord x3  
  179  15:20  Overseer x3  
  179  15:36  Roach x4  
  179  15:37  Roach x4  
  189  15:46  Overlord  
  165  16:21  Overlord x2  
  165  16:22  Overlord x5  
  165  16:23  Overlord  
  151  16:47  Lurker x5  
  151  16:48  Lurker  
  98  17:39  Hydralisk  
  98  17:40  Hydralisk x8  
  108  18:03  Spawning Pool  
  108  18:05  Evolution Chamber  
  106  18:51  Extractor  
  106  18:53  Spine Crawler, Extractor  
  106  18:54  Spine Crawler  
  102  18:56  Spore Crawler x2  
  102  19:00  Overlord x3  
  100  19:18  Lair  
  100  19:27  Hatchery  
  100  19:30  Hatchery  
  98  19:38  Hatchery  
  97  19:54  Spine Crawler x2  
  91  20:38  Roach Warren  
  91  20:39  Overseer x2  
  88  20:57  Queen  
  88  21:06  Zergling x6  
  88  21:07  Zergling x12, Overlord  
  88  21:08  Zergling x2, Overlord x3  
  98  21:12  Roach Warren  
  98  21:13  Hydralisk Den  
  98  21:14  Evolution Chamber  
  97  21:19  Roach  
  97  21:20  Roach x6  
  109  21:38  Drone x2  
  111  21:40  Drone x4  
  111  21:41  Drone x3  
  111  21:42  Hydralisk, Overlord  
  111  21:43  Hydralisk x3  
  126  22:00  Drone x3  
  129  22:04  Extractor  
  129  22:06  Extractor  
  127  22:26  Lurker Den  
  127  22:27  Hydralisk  
  127  22:28  Hydralisk x7  
  127  22:29  Hydralisk, Overlord x2  
Tags
 
Composition
Lurkers
Matchup
ZvZ
Race
Zerg
Replay Pack
2017S4
Spawn Locations
Cross Positions
Add a new tag
Caveats
  • Supply blocks, unpowered buildings, or Contaminate may cause inaccurate times.
  • Supply counts are checked every 10 seconds.